 Dungeon Crawl Stone Soup version 0.30-a0-1075-gcd70e7a56d (webtiles) character file.

Game seed: 12250534632590912436

331 retardedninja the Conjurer (level 6, -1/44 HPs)
             Began as a Gnoll Conjurer on Apr 14, 2023.
             Slain by Pikel
             ... wielding a +2 whip of flaming
              (3 damage)
             ... on level 5 of the Dungeon.
             The game lasted 00:10:35 (3977 turns).

retardedninja the Conjurer (Gnoll Conjurer)         Turns: 3977, Time: 00:10:38

Health: -1/44      AC:  5    Str: 13    XL:     6   Next: 52%
Magic:  2/14       EV: 13    Int: 19    God:
Gold:   105        SH:  0    Dex: 10    Spells: 12/15 levels left

rFire   . . .      SeeInvis .    y - +0 quarterstaff (heavy)
rCold   . . .      Faith    .    (shield currently unavailable)
rNeg    . . .      Spirit   .    a - +0 robe
rPois   .          Reflect  .    w - +0 helmet
rElec   .          Rampage  .    x - scarf {shadows}
rCorr   .                        e - +0 pair of gloves
Will    .....                    f - +0 pair of boots
Stlth   ++                       (no amulet)
HPRegen 0.27/turn                g - +6 ring of strength
MPRegen 0.14/turn                (no ring)

@: studying Poison Magic
A: fangs 1, strong nose, distributed training
a: no special abilities


You were on level 5 of the Dungeon.
You visited 1 branch of the dungeon, and saw 5 of its levels.

You collected 105 gold pieces.

Inventory:

Hand Weapons
 y - a +0 heavy quarterstaff (weapon)
Armour
 a - a +0 robe (worn)
 e - a +0 pair of gloves (worn)
 f - a +0 pair of boots (worn)
 w - a +0 helmet (worn)
 x - a scarf of shadows (worn)
Magical Staves
 p - a staff of fire
Jewellery
 g - a +6 ring of strength (left hand)
 v - a ring of protection from fire
Scrolls
 c - a scroll of enchant weapon {unknown}
 d - a scroll of vulnerability {unknown}
 h - 5 scrolls of identify {unknown}
 j - a scroll of silence {unknown}
 k - 2 scrolls of brand weapon {unknown}
 n - 2 scrolls of poison {unknown}
 o - a scroll of magic mapping {unknown}
 t - a scroll of teleportation {unknown}
Potions
 b - a potion of magic
 i - a potion of attraction {unknown}
 m - a potion of degeneration {unknown}
 q - a potion of ambrosia {unknown}
 r - a potion of lignification {unknown}
 s - 2 potions of brilliance {unknown}
 u - 2 potions of flight {unknown}
 z - 2 potions of might {unknown}


   Skills:
 + Level 2.1 Fighting
 + Level 2.1 Short Blades
 + Level 2.1 Long Blades
 + Level 2.1 Axes
 + Level 2.1 Maces & Flails
 + Level 2.1 Polearms
 + Level 2.1 Staves
 + Level 2.1 Ranged Weapons
 + Level 2.1 Throwing
 + Level 2.1 Armour
 + Level 5.0 Dodging
 + Level 4.6 Stealth
 + Level 2.1 Shields
 + Level 2.1 Unarmed Combat
 + Level 5.4 Spellcasting
 + Level 7.3 Conjurations
 + Level 1.6 Hexes
 + Level 1.6 Summonings
 + Level 1.6 Necromancy
 + Level 1.6 Translocations
 + Level 1.6 Transmutations
 + Level 1.6 Fire Magic
 + Level 1.6 Ice Magic
 + Level 1.6 Air Magic
 + Level 1.6 Earth Magic
 + Level 2.3 Poison Magic
 + Level 2.3 Invocations
 + Level 2.1 Evocations


You had 12 spell levels left.
You knew the following spells:

 Your Spells              Type           Power      Damage    Failure   Level
a - Magic Dart            Conj           100%       1d8       1%          1
b - Searing Ray           Conj           66%        2d6       1%          2

Your spell library contained the following spells:

 Spells                   Type           Power      Damage    Failure   Level
 Static Discharge         Conj/Air       44%        2-4/arc   2%          2
 Dazzling Flash           Conj/Hex       44%        N/A       5%          3
 Hailstorm                Conj/Ice       22%        3d7       5%          3
 Freeze                   Ice            44%        1d6       6%          1
 Summon Small Mammal      Summ           44%        N/A       6%          1
 Sublimation of Blood     Necr           11%        N/A       9%          2
 Call Canine Familiar     Summ           11%        N/A       19%         3
 Frozen Ramparts          Ice            22%        1d4       19%         3
 Summon Guardian Golem    Hex/Summ       11%        N/A       19%         3
 Fulminant Prism          Conj/Hex       11%        3d8       19%         4
 Iskenderun's Mystic Bla  Conj/Tloc      22%        2d6       19%         4
 Irradiate                Conj/Tmut      11%        3d15      45%         5
 Airstrike                Air            5%         2d(1-17)  52%         4
 Petrify                  Tmut/Erth      11%        N/A       52%         4
 Summon Lightning Spire   Summ/Air       11%        N/A       52%         4


Dungeon Overview and Level Annotations

Branches:
Dungeon (5/15)
 Temple: D:4-7

Altars:
Dithmenos
Ru
Trog

Annotations:
D:5 Pikel


Innate Abilities, Weirdness & Mutations

You have very sharp teeth.
Your uncanny sense of smell can sniff out nearby items.
Your experience applies equally to all skills.


Message History

Aiming: Magic Dart (safe; 1% risk of failure)
Press: ? - help, Q - select action, (/) - cycle Shift-Dir - straight line, f/p - Pikel
Aim: Pikel, wielding a +2 whip of flaming and wearing a +0 robe (heavily wounded, 100% to hit)
The magic dart hits Pikel.
Pikel is heavily wounded.
Pikel hits you with a +2 whip of flaming!
* * * LOW HITPOINT WARNING * * *
Pikel burns you.
* * * LOW HITPOINT WARNING * * *
You feel better.
Pikel hits you with a +2 whip of flaming.
* * * LOW HITPOINT WARNING * * *
Pikel burns you.
* * * LOW HITPOINT WARNING * * *
You feel better.
Pikel hits you with a +2 whip of flaming.
* * * LOW HITPOINT WARNING * * *
Pikel burns you.
* * * LOW HITPOINT WARNING * * *
Casting: Magic Dart (safe; 1% risk of failure)
Confirm with . or Enter, or press ? or * to list all spells.
Aiming: Searing Ray (safe; 1% risk of failure)
Press: ? - help, Shift-Dir - straight line, f/p - Pikel
Aim: Pikel, wielding a +2 whip of flaming and wearing a +0 robe (heavily wounded, 76% to hit)
The searing ray misses Pikel. (Press . to maintain the ray.)
You hear a shout!
Pikel hits you with a +2 whip of flaming.
* * * LOW HITPOINT WARNING * * *
Pikel burns you.
* * * LOW HITPOINT WARNING * * *
A lemure comes into view.
You hear a shout!
Unknown command.
You feel better. Pikel waves his whip at you.
Pikel hits you with a +2 whip of flaming!
* * * LOW HITPOINT WARNING * * *
Pikel burns you.
You die...

## #......... #.........
#†.._8_..# ###
#####........# #..
.)..)........# #.# .##
#####........###.#
∆....#. ##.............#
...... #...........###.#
....#
#.#....).....##@###...#
#.##....|.###.#K.....>##.
# #......# #.5..........
## #......###........###
.. ##......).######### ..
......##### ## ########


You could see Pikel and a lemure.

Vanquished Creatures
  2 lemures (D:5)
  A howler monkey (D:4)
  A hound (D:4)
  2 orc priests
  2 orc wizards
  3 adders
  A shadow imp (D:5)
  An ufetubus (D:5)
  3 worms (D:3)
  4 dart slugs
  14 orcs
  3 bats (D:2)
  7 endoplasms
  4 giant cockroaches
  2 goblins
  8 hobgoblins
  2 jackals (D:1)
  3 quokkas
  8 ball pythons
  4 frilled lizards
  6 kobolds
  8 rats
89 creatures vanquished.

Notes
Turn   | Place    | Note
-------+----------+-------------------------------------------
     0 | D:1      | retardedninja the Gnoll Conjurer began the quest for the
                  | Orb.
     0 | D:1      | Reached XP level 1. HP: 13/13 MP: 6/6
   227 | D:1      | Reached XP level 2. HP: 19/19 MP: 5/7
   863 | D:2      | Found a sacrificial altar of Ru.
   871 | D:2      | Reached skill level 5 in Spellcasting
   871 | D:2      | Reached XP level 3. HP: 25/25 MP: 3/9
   951 | D:2      | Found a faded altar of an unknown god.
  1013 | D:2      | Reached skill level 1 in Invocations
  1285 | D:2      | Reached skill level 1 in Fighting
  1285 | D:2      | Reached skill level 1 in Short Blades
  1285 | D:2      | Reached skill level 1 in Long Blades
  1285 | D:2      | Reached skill level 1 in Axes
  1285 | D:2      | Reached skill level 1 in Maces & Flails
  1285 | D:2      | Reached skill level 1 in Polearms
  1285 | D:2      | Reached skill level 1 in Staves
  1285 | D:2      | Reached skill level 1 in Ranged Weapons
  1285 | D:2      | Reached skill level 1 in Throwing
  1285 | D:2      | Reached skill level 1 in Armour
  1285 | D:2      | Reached skill level 1 in Shields
  1285 | D:2      | Reached skill level 1 in Unarmed Combat
  1285 | D:2      | Reached skill level 1 in Evocations
  1306 | D:2      | You fall into a shaft and drop 2 floors!
  1315 | D:4      | Reached skill level 1 in Poison Magic
  1318 | D:4      | Reached XP level 4. HP: 32/32 MP: 4/11
  1367 | D:4      | Reached skill level 1 in Hexes
  1367 | D:4      | Reached skill level 1 in Summonings
  1367 | D:4      | Reached skill level 1 in Necromancy
  1367 | D:4      | Reached skill level 1 in Translocations
  1367 | D:4      | Reached skill level 1 in Transmutations
  1367 | D:4      | Reached skill level 1 in Fire Magic
  1367 | D:4      | Reached skill level 1 in Ice Magic
  1367 | D:4      | Reached skill level 1 in Air Magic
  1367 | D:4      | Reached skill level 1 in Earth Magic
  1432 | D:4      | Reached XP level 5. HP: 31/37 MP: 3/12
  1786 | D:3      | Learned a level 2 spell: Searing Ray
  2544 | D:3      | Reached XP level 6. HP: 44/44 MP: 9/13
  3397 | D:5      | Entered Level 5 of the Dungeon
  3626 | D:5      | Found a bloodstained altar of Trog.
  3632 | D:5      | Reached skill level 5 in Dodging
  3801 | D:5      | Found a shadowy altar of Dithmenos.
  3961 | D:5      | Noticed Pikel
  3973 | D:5      | HP: 1/44 [Pikel/+2 whip of flaming (2)]
  3977 | D:5      | Slain by Pikel

Illustrated notes

Levels and vault maps discovered:
D:1:      elethiomel_arrival_maze, layout_basic, chequers_garden,
          nrook_loot_triangle
D:2:      minmay_general_purpose_star, layout_rooms, basic_altar,
          ebering_ecumenical_altar_box, minmay_cupped
D:3:      layout_rooms, serial_rivers, chequers_serial_rivers_micro_b,
          chequers_serial_rivers_room_a, chequers_serial_rivers_room_b,
          chequers_serial_rivers_marsh, chequers_serial_rivers_marsh,
          cheibrodos_sewer_entry_bend, chequers_serial_rivers_large_a
D:4:      layout_basic
D:5:      layout_loops_ring, chequers_temple_overflow_statue_of_worship,
          uniq_pikel

Skill      XL: |  1  2  3  4  5  6 |
---------------+-------------------+-----
Spellcasting   | 5 |  5.4
Invocations    | 1 2 |  2.3
Fighting       | 1 2 |  2.1
Short Blades   | 1 2 |  2.1
Long Blades    | 1 2 |  2.1
Axes           | 1 2 |  2.1
Maces & Flails | 1 2 |  2.1
Polearms       | 1 2 |  2.1
Staves         | 1 2 |  2.1
Ranged Weapons | 1 2 |  2.1
Throwing       | 1 2 |  2.1
Armour         | 1 2 |  2.1
Shields        | 1 2 |  2.1
Unarmed Combat | 1 2 |  2.1
Evocations     | 1 2 |  2.1
Poison Magic   | 1 2 |  2.3
Hexes          | 1 |  1.6
Summonings     | 1 |  1.6
Necromancy     | 1 |  1.6
Translocations | 1 |  1.6
Transmutations | 1 |  1.6
Fire Magic     | 1 |  1.6
Ice Magic      | 1 |  1.6
Air Magic      | 1 |  1.6
Earth Magic    | 1 |  1.6
Dodging        | 5 |  5.0
Stealth        | |  4.6
Conjurations   | |  7.3

Action                     |  1- 3 |  4- 6 || total
---------------------------+-------+-------++-------
  Melee: Unarmed           |     1 |     3 ||     4
         Whip              |       |    15 ||    15
         Bite              |       |     2 ||     2
         Quarterstaff      |       |     8 ||     8
   Cast: Magic Dart        |    56 |   158 ||   214
         Searing Ray       |       |     3 ||     3
    Use: Potion            |       |     5 ||     5
 Armour: Robe              |       |    18 ||    18
  Dodge: Dodged            |     6 |    31 ||    37

Table legend: (Time is in decaauts)
 A = Elapsed time spent in this place.
 B = Non-inter-level travel time spent in this place.
 C = Inter-level travel time spent in this place.
 D = Time resting spent in this place.
 E = Time spent auto-exploring this place.
 F = Levels seen in this place.
 G = Mean time per level.
                   A        B        C        D        E       F      G
               +--------+--------+--------+--------+--------+-----+--------+
         Total |   3999 |   3880 |    119 |     72 |   3244 |   5 |  799.8 |
       Dungeon |   3999 |   3880 |    119 |     72 |   3244 |   5 |  799.8 |
               +--------+--------+--------+--------+--------+-----+--------+

Top non-repeatable levels by time:
     D:4: 883 daAuts
     D:1: 863 daAuts
     D:3: 838 daAuts
     D:2: 829 daAuts
     D:5: 585 daAuts
